 Dungeon Crawl Stone Soup version 0.17.0-28-g6e173f8 (webtiles) character file.

55 HolyRage the Firebug (level 3, -7/21 HPs)
             Began as a High Elf Fire Elementalist on Nov 26, 2015.
             Killed from afar by a white imp (11 damage)
             ... with a puff of frost
             ... summoned by Natasha
             ... on level 2 of the Dungeon.
             The game lasted 00:16:32 (2105 turns).

HolyRage the Firebug (High Elf Fire Elementalist)   Turns: 2105, Time: 00:16:32

Health: -7/21      AC:  3    Str:  7    XL:     3   Next: 67%
Magic:  5/8        EV: 12    Int: 20    God:
Gold:   88         SH:  0    Dex: 15    Spells: 2 memorised, 4 levels left

rFire  . . .     SeeInvis .     l - +0 dagger
rCold  . . .     Clarity  .     a - +0 robe
rNeg   . . .     SustAt   .     (no shield)
rPois  .         Gourm    .     (no helmet)
rElec  .         Spirit   .     (no cloak)
rCorr  .         Warding  .     (no gloves)
rMut   .         Stasis   .     m - +0 pair of boots
MR     .....                    (no amulet)
Stlth  ++........               (no ring)
                                (no ring)

@: not resistant to hostile enchantments, unstealthy
A: no striking features
a: no special abilities


You were on level 2 of the Dungeon.
You were not hungry.

You visited 1 branch of the dungeon, and saw 2 of its levels.

You collected 88 gold pieces.

Inventory:

Hand Weapons
 i - a +0 whip
 l - a +0 dagger (weapon)
Armour
 a - a +0 robe (worn)
 m - a +0 pair of boots (worn)
Potions
 e - a potion of heal wounds
 f - a potion of agility
 j - 2 potions of invisibility
Books
 b - a book of Flames

   Spells                             Type                      Level
   a - Flame Tongue                   Conjuration/Fire             1
   b - Throw Flame                    Conjuration/Fire             2
   c - Conjure Flame                  Conjuration/Fire             3
   d - Inner Flame                    Hexes/Fire                   3
   e - Sticky Flame                   Conjuration/Fire             4
   f - Fireball                       Conjuration/Fire             5
Comestibles
 c - 2 bread rations
 d - a chunk of flesh
 g - 2 fruits
 h - a slice of pizza


   Skills:
 - Level 2.1 Dodging
 - Level 2.1 Stealth
 + Level 3.1 Spellcasting
 + Level 2.1 Conjurations
 + Level 3.9 Fire Magic


You had 4 spell levels left.
You knew the following spells:

 Your Spells              Type           Power        Failure   Level  Hunger
a - Flame Tongue          Conj/Fire      ###..        4%          1    None
b - Conjure Flame         Conj/Fire      ###.....     14%         3    ###....


Dungeon Overview and Level Annotations

Branches:
Dungeon (2/15)

Altars:

Annotations:
D:2 Natasha


Message History

Natasha mumbles some strange words.
Natasha's fingertips start to glow.
Natasha casts a spell.
Natasha mumbles some strange words.
Natasha's fingertips start to glow.
Natasha zaps a wand.
The puff of flame misses you.
Natasha zaps a wand.
The puff of flame hits you!
* * * LOW HITPOINT WARNING * * *
Natasha mumbles some strange words.
Casting: Flame Tongue
Confirm with . or Enter, or press ? or * to list all spells.
Aiming: Flame Tongue
Press: ? - help, Shift-Dir - straight line, f - white imp, p - Natasha
Aim: a white imp (summoned)
The flame tongue hits the white imp.
The white imp is lightly wounded.
The white imp gestures at you. The puff of frost hits you!
Ouch! That really hurt!
You die...

................#................
##.....#......##..###.......#####
####.######h##..##...#.....####.
###...# #........................
#.....# #.##...##..####.#........
#.#..####....####.####..#..[.....
#...#........####..........(.....
...##รท#.....h5.....##.###........
.).)............@####.###........
..'########'.....................
..#.......)#....#...#####........
..#.+####'.#...##.### ##.<.....
..#.#....#.#......# #######
..#.#.##.#.#......## #
..#.#.##.#.#.......# #
..#.#....#.#.......##
..#.+####'.#........###


You could see Natasha and a white imp.

Vanquished Creatures
  Ijyb (D:2)
  2 giant cockroaches
  7 hobgoblins
  3 kobolds
  A quokka (D:2)
  2 bats (D:1)
  2 giant newts (D:1)
  5 goblins
  A rat (D:1)
24 creatures vanquished.

Notes
Turn   | Place    | Note
--------------------------------------------------------------
     0 | D:1      | HolyRage the High Elf Fire Elementalist began the quest for the Orb.
     0 | D:1      | Reached XP level 1. HP: 11/11 MP: 4/4
   297 | D:1      | Reached XP level 2. HP: 10/17 MP: 0/6
  1461 | D:2      | Noticed Ijyb
  1740 | D:2      | Killed Ijyb
  1740 | D:2      | Reached XP level 3. HP: 7/21 MP: 2/8
  1837 | D:2      | Learned a level 3 spell: Conjure Flame
  2039 | D:2      | Noticed Natasha
  2105 | D:2      | Killed from afar by a white imp

Action                   || total
-------------------------++-------
Melee: Unarmed           ||     1
       Dagger            ||    26
 Cast: Flame Tongue      ||    71
  Use: Scroll            ||    10
       Potion            ||     1
  Eat: Chunk             ||     4
